2774 views
Uploaded 2020-09-25 11:39:17
Game version 1.32.8
17:17 long 1on1 custom game on (2)EchoIsles
Game name "badlyo2"
Saved by BaDitO2
2774 views
Uploaded 2020-09-25 11:39:17
Game version 1.32.8
17:17 long 1on1 custom game on (2)EchoIsles
Game name "badlyo2"

46 units @ 5.5k
/ 0.5k
22 buildings @ 3.6k
/ 1.8k


| Healing Salve | 2 | 200 |
| Lesser Clarity Potion | 4 | 280 |
| Orb of Lightning | 1 | 375 |
| Scroll of Town Portal | 1 | 350 |
| Boots of Speed | 1 | 250 |
| total: | 9 | 1455g |
| Peon | 25 | 1875 | / | 0 |
| Grunt | 5 | 1000 | / | 0 |
| Troll Headhunter | 4 | 560 | / | 80 |
| Shaman | 7 | 910 | / | 140 |
| Kodo Beast | 1 | 255 | / | 60 |
| Tauren | 1 | 280 | / | 80 |
| Demolisher | 2 | 440 | / | 100 |
| Forest Troll Shadow Priest | 1 | 195 | / | 10 |
| total: | 46 | 5515g | / | 470w |
| Watch Tower | 1 | 110 | / | 80 |
| Altar of Storms | 1 | 180 | / | 50 |
| Orc Burrow | 8 | 1280 | / | 320 |
| Voodoo Lounge | 2 | 260 | / | 60 |
| Barracks | 1 | 180 | / | 50 |
| War Mill | 1 | 205 | / | 0 |
| Great Hall | 1 | 385 | / | 185 |
| Spirit Lodge | 2 | 300 | / | 300 |
| Beastiary | 2 | 290 | / | 280 |
| Tauren Totem | 3 | 405 | / | 465 |
| Stronghold | 1 | 315 | / | 190 |
| Fortress | 1 | 325 | / | 190 |
| total: | 22 | 3595g | / | 1790w |
| 0:02 | Peon |
| 0:03 | Altar of Storms |
| 0:05 | Orc Burrow |
| 0:07 | Peon |
| 0:15 | Peon |
| 0:28 | Peon |
| 0:33 | Voodoo Lounge |
| 0:46 | Peon |
| 1:15 | Barracks |
| 1:23 | Peon |
| 1:27 | Peon |
| 1:44 | Orc Burrow |
| 1:55 | War Mill |
| 2:02 | Wind Walk |
| 2:04 | Healing Salve |
| 2:04 | Lesser Clarity Potion |
| 2:29 | Grunt |
| 2:50 | Grunt |
| 3:17 | Troll Headhunter |
| 3:18 | Stronghold |
| 3:54 | Grunt |
| 4:13 | Steel Armor |
| 4:23 | Orc Burrow |
| 4:28 | Troll Headhunter |
| 4:35 | Critical Strike |
| 4:57 | Troll Headhunter |
| 5:32 | Great Hall |
| 5:38 | Troll Headhunter |
| 5:42 | Peon |
| 5:42 | Peon |
| 6:03 | Lesser Clarity Potion |
| 6:03 | Healing Salve |
| 6:04 | Lesser Clarity Potion |
| 6:37 | Wind Walk |
| 6:52 | Spirit Lodge |
| 7:10 | Orc Burrow |
| 8:06 | Orc Burrow |
| 8:08 | Shaman |
| 8:18 | Peon |
| 8:26 | Voodoo Lounge |
| 8:38 | Healing Wave |
| 9:06 | Shaman |
| 9:06 | Shaman |
| 9:25 | Grunt |
| 9:26 | Fortress |
| 9:35 | Forest Troll Shadow Priest |
| 9:54 | Critical Strike |
| 10:01 | Peon |
| 10:01 | Peon |
| 10:07 | Peon |
| 10:20 | Shaman |
| 10:21 | Shaman Adept Training |
| 10:21 | Shaman |
| 10:33 | Hex |
| 10:33 | Healing Wave |
| 10:54 | Peon |
| 10:54 | Peon |
| 10:57 | Orc Burrow |
| 10:59 | Beastiary |
| 11:08 | Spirit Lodge |
| 11:11 | Beastiary |
| 11:16 | Watch Tower |
| 11:25 | Reinforced Defenses |
| 11:40 | Grunt |
| 11:46 | Peon |
| 11:47 | Peon |
| 11:47 | Peon |
| 12:16 | Kodo Beast |
| 12:19 | Orb of Lightning |
| 12:21 | Lesser Clarity Potion |
| 13:09 | Tauren Totem |
| 13:11 | Tauren Totem |
| 13:52 | Peon |
| 13:53 | Peon |
| 13:56 | Tauren Totem |
| 13:59 | Shaman |
| 14:00 | Shaman |
| 14:09 | Boots of Speed |
| 14:10 | Scroll of Town Portal |
| 14:27 | Peon |
| 14:33 | Tauren |
| 14:54 | Berserker Strength |
| 14:56 | Orc Burrow |
| 14:58 | Orc Burrow |
| 15:30 | Peon |
| 15:30 | Peon |
| 15:53 | Peon |
| 16:20 | Critical Strike |
| 16:21 | Peon |
| 16:25 | Demolisher |
| 16:49 | Hex |
| 16:54 | Demolisher |
| Right click | 1073 |
| Select | 502 |
| Select group | 449 |
| Misc. action | 209 |
| Build/train/purchase | 126 |
| Assign group | 77 |
| Use ability | 61 |
| Esc | 5 |
| Item give/drop | 1 |
44 units @ 6.2k
/ 0.6k
17 buildings @ 2.1k
/ 1.2k

| Lesser Clarity Potion | 1 | 70 |
| Scroll of Regeneration | 1 | 100 |
| total: | 2 | 170g |
| Peasant | 12 | 900 | / | 0 |
| Footman | 17 | 2295 | / | 0 |
| Spell Breaker | 7 | 1505 | / | 210 |
| Rifleman | 1 | 205 | / | 30 |
| Siege Engine | 5 | 975 | / | 300 |
| Sorceress | 1 | 155 | / | 20 |
| Forest Troll Shadow Priest | 1 | 195 | / | 10 |
| total: | 44 | 6230g | / | 570w |
| Altar of Kings | 1 | 180 | / | 50 |
| Farm | 5 | 400 | / | 100 |
| Barracks | 1 | 160 | / | 60 |
| Arcane Vault | 3 | 390 | / | 90 |
| Blacksmith | 1 | 140 | / | 60 |
| Arcane Sanctum | 2 | 300 | / | 280 |
| Workshop | 4 | 560 | / | 560 |
| Keep | 1 | 320 | / | 210 |
| Castle | 1 | 360 | / | 210 |
| total: | 17 | 2130g | / | 1200w |
| 0:04 | Peasant |
| 0:04 | Peasant |
| 0:08 | Altar of Kings |
| 0:22 | Farm |
| 0:26 | Barracks |
| 0:27 | Peasant |
| 0:41 | Peasant |
| 0:52 | Peasant |
| 1:05 | Farm |
| 1:23 | Peasant |
| 1:24 | Peasant |
| 1:29 | Footman |
| 1:37 | Farm |
| 1:41 | Footman |
| 2:01 | Peasant |
| 2:02 | Peasant |
| 2:10 | Arcane Vault |
| 2:11 | Summon Water Elemental |
| 2:44 | Forest Troll Shadow Priest |
| 3:12 | Brilliance Aura |
| 3:15 | Defend |
| 3:44 | Arcane Vault |
| 3:48 | Footman |
| 4:18 | Arcane Vault |
| 4:20 | Footman |
| 5:05 | Footman |
| 5:05 | Footman |
| 5:07 | Peasant |
| 5:07 | Peasant |
| 5:07 | Peasant |
| 5:27 | Footman |
| 5:33 | Keep |
| 5:36 | Summon Water Elemental |
| 5:52 | Farm |
| 5:57 | Lesser Clarity Potion |
| 6:28 | Farm |
| 6:42 | Footman |
| 6:42 | Footman |
| 7:24 | Footman |
| 8:04 | Castle |
| 8:08 | Arcane Sanctum |
| 8:33 | Footman |
| 9:06 | Footman |
| 9:06 | Footman |
| 9:13 | Arcane Sanctum |
| 9:48 | Footman |
| 9:48 | Footman |
| 9:58 | Blacksmith |
| 10:30 | Footman |
| 11:04 | Footman |
| 11:06 | Spell Breaker |
| 11:06 | Spell Breaker |
| 11:13 | Spell Breaker |
| 11:13 | Spell Breaker |
| 11:16 | Scroll of Regeneration |
| 11:20 | Workshop |
| 11:23 | Workshop |
| 11:55 | Rifleman |
| 12:19 | Workshop |
| 12:38 | Workshop |
| 12:39 | Spell Breaker |
| 12:43 | Black Gunpowder |
| 12:57 | Spell Breaker |
| 13:34 | Siege Engine |
| 13:41 | Siege Engine |
| 13:51 | Brilliance Aura |
| 14:02 | Sorceress |
| 14:25 | Spell Breaker |
| 14:58 | Siege Engine |
| 15:14 | Siege Engine |
| 15:43 | Siege Engine |
| Right click | 1394 |
| Select | 313 |
| Select group | 206 |
| Build/train/purchase | 130 |
| Assign group | 74 |
| Misc. action | 24 |
| Esc | 8 |
| Chat | 4 |
| Use ability | 2 |